 Dungeon Crawl Stone Soup version 0.32-a0-921-g04a7ad8e02 (webtiles) character file.

Game seed: 17625382914396967712

2780 shadizar the Thaumaturge (level 10, -4/67 HPs)
             Began as a Djinni Conjurer on Apr 11, 2024.
             Slain by a catoblepas (12 damage)
             ... on level 8 of the Dungeon.
             The game lasted 00:06:08 (6557 turns).

shadizar the Thaumaturge (Djinni Conjurer)          Turns: 6557, Time: 00:06:08

Health: -4/67      AC:  4    Str:  6    XL:     10   Next: 1%
Gold:   379        EV: 12    Int: 25    God:
                   SH:  0    Dex: 11

rFire   + + .        (no weapon)
rCold   x . .        (no shield)
rNeg    . . .        a - +0 robe
rPois   ∞            l - +0 helmet
rElec   .            (no cloak)
rCorr   .            q - +0 pair of gloves
SInv    .            (boots unavailable)
Will    +....        (no amulet)
Stlth   ++           (no ring)
HPRegen 0.31/turn    (no ring)

%: infuse magic (-5 HP)
@: flying
A: sickness immunity, fire resistance 2, cold vulnerability 1, float, innate
caster, HP casting, extra vitality 1
a: no special abilities


You were on level 8 of the Dungeon.
You visited 2 branches of the dungeon, and saw 9 of its levels.

You collected 379 gold pieces.

Inventory:

Armour
 a - a +0 robe (worn)
 l - a +0 helmet (worn)
 q - a +0 pair of gloves (worn)
 C - a +1 hat of willpower
Wands
 t - a wand of flame (1)
 v - a wand of roots (3)
 B - a wand of charming (10)
Scrolls
 e - a scroll of noise {unknown}
 h - 3 scrolls of fog {unknown}
 i - a scroll of fear {unknown}
 j - 5 scrolls of identify {unknown}
 k - 2 scrolls of vulnerability {unknown}
 m - 2 scrolls of immolation {unknown}
 n - 2 scrolls of revelation {unknown}
 p - 2 scrolls of amnesia {unknown}
 r - a scroll of poison {unknown}
 u - a scroll of enchant armour {unknown}
 x - a scroll of brand weapon {unknown}
 y - 3 scrolls of teleportation {unknown}
 z - a scroll of acquirement {unknown}
Potions
 b - a potion of resistance {unknown}
 c - a potion of invisibility {unknown}
 d - 2 potions of brilliance {unknown}
 f - 3 potions of curing {unknown}
 g - a potion of lignification {unknown}
 o - 3 potions of might {unknown}
 s - a potion of mutation {unknown}
 w - a potion of heal wounds {unknown}
 A - a potion of enlightenment {unknown}


   Skills:
 + Level 4.1 Fighting
 + Level 5.1 Dodging
 + Level 4.2 Stealth
 + Level 9.1 Spellcasting
 + Level 9.1 Conjurations
 + Level 9.1 Hexes
   Level 0.0 Charms
 + Level 9.1 Summonings
 + Level 9.1 Necromancy
 + Level 9.1 Translocations
   Level 0.0 Transmutations
 + Level 9.1 Fire Magic
 + Level 9.1 Ice Magic
 + Level 9.1 Air Magic
 + Level 9.1 Earth Magic
 + Level 9.1 Alchemy


You knew the following spells:

 Your Spells              Type           Power      Damage    Failure   Level
a - Magic Dart            Conj           100%       1d8       1%          1
b - Searing Ray           Conj           100%       2d8       1%          2
c - Fulminant Prism       Conj/Alch      27%        3d14      1%          4
d - Iskenderun's Mystic   Conj/Tloc      54%        2d12      (+2d61%     4
e - Freeze                Ice            100%       1d10      1%          1
f - Blink                 Tloc           100%       N/A       1%          2
g - Mercury Vapours       Alch/Air       100%       N/A       1%          2
h - Fugue of the Fallen   Necr           54%        N/A       1%          3
Your spell library was empty.

Dungeon Overview and Level Annotations

Branches:
Dungeon (8/15)             Temple (1/1) D:5
   Lair: D:8-11

Altars:
Ashenzari
Cheibriados
Dithmenos
Elyvilon
Fedhas
Gozag
Hepliaklqana
Makhleb
Okawaru
Qazlal
Ru
Uskayaw
Xom
Zin
The Shining One

Shops:
D:1 =   D:6 *


Innate Abilities, Weirdness & Mutations

You are immune to sickness and miasma.
You are immune to poison.
Your flesh is very heat resistant. (rF++)
You are vulnerable to cold. (rC-)
You float through the air rather than walking.
You learn spells naturally, not from books.
Your magical power is your life essence.
You have superior vitality. (+4 MHP)


Message History

Casting: Iskenderun's Mystic Blast (dangerous; 1% risk of failure)
Confirm with . or Enter, or press ? or * to list all spells.
You erupt in a blast of force!
The mystic blast hits the catoblepas!
The catoblepas is heavily wounded.
Unknown command.
Unknown command.
Unknown command.
Unknown command.
Unknown command.
Casting: Iskenderun's Mystic Blast (dangerous; 1% risk of failure)
Confirm with . or Enter, or press ? or * to list all spells.
Aiming: Fulminant Prism (dangerous; 1% risk of failure)
Press: ? - help, Dir - move target You conjure a prism of explosive energy!
A fulminant prism comes into view.
The catoblepas gores you!!
* * * LOW HITPOINT WARNING * * *
Unknown command.
Casting: Fulminant Prism (dangerous; 1% risk of failure)
Confirm with . or Enter, or press ? or * to list all spells.
You erupt in a blast of force!
The mystic blast hits the catoblepas.
The catoblepas is heavily wounded.
The catoblepas is knocked back by the mystic blast.
The catoblepas slams into the rock wall!
The catoblepas is severely wounded.
* * * LOW HITPOINT WARNING * * *
Your fulminant prism crackles loudly.
Unknown command.
Unknown command.
Unknown command.
Unknown command.
Unknown command.
Unknown command.
Casting: Iskenderun's Mystic Blast (dangerous; 1% risk of failure)
Confirm with . or Enter, or press ? or * to list all spells.
You erupt in a blast of force!
The mystic blast hits the catoblepas.
The catoblepas is severely wounded.
* * * LOW HITPOINT WARNING * * *
The catoblepas gores you!
You die...

#...)...#.########
####..))..#..
#)##.#.#.###
#.##...#.#..
#....#.#.#.####
#..###.#.#.#.*
#..###.#.#.#.#
#......#.#.#Y#
##.###..#.#@#
#......#.#.#
##[##..#.#.# #
#..#.#.# #..#.#..
#..#.### #..#..
...###


You could see a catoblepas (ally target) and a friendly fulminant prism.

Vanquished Creatures
  2 steam dragons (D:6)
  Duvessa (D:4)
  2 water moccasins
  An orc warrior (D:6)
  3 sky beasts
  2 black bears
  An ogre (D:5)
  A phantom (D:5)
  A bullfrog (D:6)
  2 scorpions
  A gnoll sergeant (D:8)
  5 wights (D:6)
  Dowan (D:4)
  2 bombardier beetles
  A crimson imp (D:4)
  3 hounds
  3 jellies (D:6)
  4 orc priests
  A gnoll bouda (D:4)
  4 iguanas
  3 orc wizards
  Robin (D:1)
  9 gnolls
  9 adders
  2 shadow imps
  3 ribbon worms (D:2)
  5 dart slugs
  14 orcs
  6 bats
  14 endoplasms
  5 giant cockroaches
  19 goblins
  7 hobgoblins
  4 jackals
  7 quokkas
  4 ball pythons
  3 frilled lizards
  4 kobolds
  12 rats
172 creatures vanquished.

Vanquished Creatures (others)
  4 fulminant prisms
4 creatures vanquished.

Grand Total: 176 creatures vanquished

Notes
Turn   | Place    | Note
-------+----------+-------------------------------------------
     0 | D:1      | shadizar the Djinni Conjurer began the quest for the Orb.
     0 | D:1      | shadizar set off with the following spells memorised: Magic
                  | Dart, Searing Ray, Fulminant Prism, Iskenderun's Mystic
                  | Blast.
     0 | D:1      | Reached XP level 1. HP: 15/15 MP: 0/0
    40 | D:1      | Reached XP level 2. HP: 15/21 MP: 0/0
   124 | D:1      | Reached XP level 3. HP: 24/25 MP: 0/0
   124 | D:1      | Learned a level 1 spell: Freeze
   174 | D:1      | Found Ellab's Jewellery Boutique.
   383 | D:1      | Found a faded altar of an unknown god.
   415 | D:1      | Reached XP level 4. HP: 7/31 MP: 0/0
   995 | D:2      | Reached skill level 5 in Spellcasting
   995 | D:2      | Reached skill level 5 in Conjurations
   995 | D:2      | Reached skill level 5 in Hexes
   995 | D:2      | Reached skill level 5 in Summonings
   995 | D:2      | Reached skill level 5 in Necromancy
   995 | D:2      | Reached skill level 5 in Translocations
   995 | D:2      | Reached skill level 5 in Fire Magic
   995 | D:2      | Reached skill level 5 in Ice Magic
   995 | D:2      | Reached skill level 5 in Air Magic
   995 | D:2      | Reached skill level 5 in Earth Magic
   995 | D:2      | Reached skill level 5 in Alchemy
   995 | D:2      | Reached XP level 5. HP: 33/35 MP: 0/0
   995 | D:2      | Learned a level 2 spell: Blink
  1041 | D:2      | Noticed Robin
  1196 | D:1      | Killed Robin
  1597 | D:2      | Reached XP level 6. HP: 19/40 MP: 0/0
  1817 | D:3      | Found an opulent altar of Gozag.
  1837 | D:3      | Found a shimmering altar of Xom.
  1838 | D:3      | Found a hide-covered altar of Uskayaw.
  2051 | D:3      | You are sucked into a shaft and drop 2 floors!
  2051 | D:5      | Entered Level 5 of the Dungeon
  2070 | D:5      | Reached XP level 7. HP: 26/45 MP: 0/0
  2070 | D:5      | Learned a level 2 spell: Mercury Vapours
  2405 | D:4      | Noticed Dowan
  2407 | D:4      | Noticed Duvessa
  2547 | D:3      | Found a stormy altar of Qazlal.
  2951 | D:4      | Killed Dowan
  2954 | D:4      | Killed Duvessa
  2955 | D:4      | Reached XP level 8. HP: 20/50 MP: 0/0
  3660 | D:4      | Found a burning altar of Makhleb.
  3925 | D:5      | Found an iron altar of Okawaru.
  4047 | D:5      | Found a staircase to the Ecumenical Temple.
  4128 | Temple   | Entered the Ecumenical Temple
  4468 | D:6      | Reached XP level 9. HP: 34/55 MP: 0/0
  4468 | D:6      | Learned a level 3 spell: Fugue of the Fallen
  4583 | D:6      | Reached skill level 1 in Fighting
  5323 | D:6      | Found Zin's Purification Station.
  5326 | D:6      | Found a glowing silver altar of Zin.
  6159 | D:7      | Found a shadowy altar of Dithmenos.
  6227 | D:7      | Reached skill level 5 in Dodging
  6417 | D:8      | Found a hazy altar of Hepliaklqana.
  6448 | D:8      | Reached XP level 10. HP: 38/67 MP: 0/0
  6550 | D:8      | Noticed a catoblepas
  6557 | D:8      | Slain by a catoblepas

Illustrated notes

Levels and vault maps discovered:
D:1:      dpeg_arrival_ratfight, layout_rooms,
          hellmonk_ecumenical_altar_run_dry, serial_shops,
          nicolae_shop_hallway_stairs
D:2:      layout_rooms, uniq_robin
D:3:      layout_loops_ring, nicolae_qazlal_beasts_of_the_sky,
          chequers_temple_overflow_statue_of_worship, nrook_uturn,
          chequers_serial_rivers_small_b
D:4:      layout_basic, grunt_temple_overflow_lords_of_destruction, uniq_duvessa
D:5:      layout_rooms, mainiacjoe_overflow_catwalk,
          minmay_temple_entry_statues_pillars
D:6:      layout_loops_ring, zin_purify, minmay_liquid_box, grunt_ministairs_4
D:7:      layout_loops_ring, nicolae_dithmenos_the_darkroom
D:8:      minmay_distorted_concentric_squares, layout_loops_cross,
          mainiacjoe_overflow_alcove_2, nicolae_hepliaklqana_hazy_memory,
          serial_shops, shop, kennysheep_crisscross, grunt_decor_clamped
Temple:   hellmonk_temple_two_chambers

Skill      XL: |  1  2  3  4  5  6  7  8  9 |
---------------+----------------------------+-----
Spellcasting   | 4 5 6 7 9 |  9.1
Conjurations   | 4 5 6 7 9 |  9.1
Hexes          | 4 5 6 7 9 |  9.1
Summonings     | 4 5 6 7 9 |  9.1
Necromancy     | 4 5 6 7 9 |  9.1
Translocations | 4 5 6 7 9 |  9.1
Fire Magic     | 4 5 6 7 9 |  9.1
Ice Magic      | 4 5 6 7 9 |  9.1
Air Magic      | 4 5 6 7 9 |  9.1
Earth Magic    | 4 5 6 7 9 |  9.1
Alchemy        | 4 5 6 7 9 |  9.1
Fighting       | 4 |  4.1
Dodging        | 5 |  5.1
Stealth        | 4 |  4.2

Action                     |  1- 3 |  4- 6 |  7- 9 | 10-12 || total
---------------------------+-------+-------+-------+-------++-------
  Melee: Unarmed           |       |       |     4 |       ||     4
   Cast: Magic Dart        |    62 |   132 |   190 |       ||   384
         Searing Ray       |       |     5 |       |       ||     5
         Iskenderun's Myst |       |       |    47 |     5 ||    52
         Fulminant Prism   |       |       |     3 |     2 ||     5
 Armour: Robe              |    13 |    47 |    37 |     2 ||    99
  Dodge: Dodged            |    11 |    46 |    20 |       ||    77

Table legend: (Time is in decaauts)
 A = Elapsed time spent in this place.
 B = Non-inter-level travel time spent in this place.
 C = Inter-level travel time spent in this place.
 D = Time resting spent in this place.
 E = Time spent auto-exploring this place.
 F = Levels seen in this place.
 G = Mean time per level.
                   A        B        C        D        E       F      G
               +--------+--------+--------+--------+--------+-----+--------+
         Total |   6563 |   6406 |    157 |      0 |   5469 |   9 |  729.2 |
       Dungeon |   6555 |   6398 |    157 |      0 |   5469 |   8 |  819.4 |
        Temple |      7 |      7 |      0 |      0 |      0 |   1 |    7.0 |
               +--------+--------+--------+--------+--------+-----+--------+

Top non-repeatable levels by time:
     D:6: 1262 daAuts
     D:4: 1020 daAuts
     D:1: 990 daAuts
     D:5: 847 daAuts
     D:3: 839 daAuts
     D:2: 762 daAuts
     D:7: 685 daAuts
     D:8: 145 daAuts
  Temple: 7 daAuts
